 Dungeon Crawl Stone Soup version 0.30-a0-723-gc1506a1cf0 (webtiles) character file.

Game seed: 14838863020889949560

3726 iguanaiguana the Merchant of Misery (level 9, -3/68 HPs)
             Began as a Mummy Delver on Jan 28, 2023.
             Was a Believer of Kikubaaqudgha.
             Killed from afar by Erolcha (28 damage)
             ... with a fireball
             ... on level 9 of the Dungeon.
             The game lasted 01:08:52 (4303 turns).

iguanaiguana the Merchant of Misery (Mummy Delver)  Turns: 4303, Time: 01:08:52

Health: -3/68      AC: 10    Str: 16    XL:     9   Next: 92%
Magic:  8/13       EV:  9    Int: 13    God:    Kikubaaqudgha [**....]
Gold:   69         SH:  0    Dex: 13    Spells: 2/14 levels left

rFire   x x .      SeeInvis .    a - +0 demon trident
rCold   + + .      Faith    +    (no shield)
rNeg    + + +      Spirit   .    p - +1 scale mail {Will+}
rPois   ∞          Reflect  .    k - +1 helmet
rElec   .          Harm     .    (no cloak)
rCorr   .          Rampage  .    s - +0 pair of gloves
Will    ++...                    (no boots)
Stlth   +                        (no amulet)
HPRegen 0.31/turn                i - ring of ice
MPRegen 0.13/turn                (no ring)

@: animating dead
A: cold resistance 1, negative energy resistance 3, torment resistance 2, heat
vulnerability 1, in touch with death 1, no potions, faith
a: Renounce Religion, Unearth Wretches


You were on level 9 of the Dungeon.
You worshipped Kikubaaqudgha.
Kikubaaqudgha was pleased with you.
You visited 2 branches of the dungeon, and saw 10 of its levels.

You collected 253 gold pieces.
You spent 184 gold pieces at shops.

Inventory:

Hand Weapons
 a - a +0 demon trident (weapon)
 b - a +2 dagger of venom
 m - a +1 scimitar of flaming
Missiles
 q - 7 poisoned darts
 u - 3 atropa-tipped darts
 v - a boomerang
 x - a curare-tipped dart
Armour
 d - the +1 plate armour of Somewhere Else {rCorr Dex+2}
   (You found it on level 3 of the Dungeon)

   Dex:       It affects your dexterity (+2).
   rCorr:     It protects you from acid and corrosion.
 e - a +0 leather armour
 g - a +0 plate armour
 k - a +1 helmet (worn)
 p - a +1 scale mail of willpower (worn)
 s - a +0 pair of gloves (worn)
 t - the +2 chain mail of Understanding {*Corrode rC+ rN+++ Regen+}
   (You found it on level 6 of the Dungeon)

   rC:        It protects you from cold.
   rN:        It renders you almost immune to negative energy.
   Regen:     It increases your rate of health regeneration.
   *Corrode:  It may corrode you when you take damage.
Jewellery
 i - a ring of ice (left hand)
Wands
 h - a wand of paralysis (4)
Scrolls
 c - 2 scrolls of fog
 j - a scroll of amnesia
 n - a scroll of vulnerability
 r - 3 scrolls of noise


   Skills:
 - Level 5.0 Fighting
 - Level 1.6 Short Blades
 - Level 6.0 Polearms
 - Level 2.0 Throwing
 - Level 1.6 Dodging
 - Level 4.1 Stealth
 - Level 3.0 Spellcasting
 - Level 2.7 Hexes
 - Level 10.0 Necromancy
 + Level 2.0 Evocations


You had 2 spell levels left.
You knew the following spells:

 Your Spells              Type           Power      Damage    Failure   Level
a - Necrotise             Necr           100%       1d9       1%          1
b - Vampiric Draining     Necr           41%        2d8       4%          3
c - Animate Dead          Necr           41%        N/A       14%         4
d - Anguish               Hex/Necr       13%        N/A       54%         4

Your spell library contained the following spells:

 Spells                   Type           Power      Damage    Failure   Level
 Cigotuvi's Dreadful Rot  Necr/Pois/Air  30%        N/A       34%         2
 Magic Dart               Conj           4%         1d3       65%         1
 Searing Ray              Conj           2%         2d4       78%         2
 Dispel Undead            Necr           41%        3d16      14%         4
 Agony                    Necr           41%        N/A       36%         5
 Portal Projectile        Hex/Tloc       10%        N/A       83%         3
 Call Canine Familiar     Summ           1%         N/A       95%         3
 Gell's Gravitas          Tloc           1%         N/A       95%         3
 Hailstorm                Conj/Ice       2%         3d3       95%         3
 Teleport Other           Tloc           1%         N/A       95%         3
 Fulminant Prism          Conj/Hex       2%         3d5       99%         4
 Leda's Liquefaction      Hex/Erth       2%         N/A       99%         4
 Airstrike                Air            0%         2d(1-17)  100%        4
 Summon Lightning Spire   Summ/Air       1%         N/A       100%        4
 Lightning Bolt           Conj/Air       0%         1d11      100%        5
 Conjure Ball Lightning   Conj/Air       0%         3x3d6     100%        6
 Dispersal                Tloc           0%         N/A       100%        6
 Simulacrum               Ice/Necr       16%        N/A       100%        6
 Discord                  Hex            4%         N/A       100%        8
 Disjunction              Tloc           0%         N/A       100%        8
 Ice Form                 Ice/Tmut       Unusable   N/A       N/A         4

Dungeon Overview and Level Annotations

Branches:
Dungeon (10/15) Zot: 26407  Temple (1/1) D:4 Zot: 5961
   Lair: D:8-11         Orc: D:9-12

Altars:
Fedhas
Kikubaaqudgha
Nemelex Xobeh
Ru
Vehumet

Shops:
D:4 ?=((   D:5 *

Annotations:
D:2 Sigmund
D:7 exclusion: orc wizard
D:8 Maggie
D:9 exclusion: upstairs, Erolcha
D:10 exclusion: upstairs


Innate Abilities, Weirdness & Mutations

You are immune to poison.
Your flesh is cold resistant. (rC+)
You are immune to negative energy. (rN+++)
You are immune to unholy pain and torment.
You are vulnerable to heat. (rF-)
You are in touch with the powers of death.
You do not drink.
You have a special connection with the divine. (Faith)


Message History

The now-empty wand crumbles to dust.
You hear some strange, mumbled words.
A fireball appears from out of thin air!
The fireball explodes!
The fireball engulfs your killer bee zombie!!
The fireball engulfs you! The fire burns you terribly!
* * * LOW HITPOINT WARNING * * *
The fireball engulfs your killer bee zombie!
Okay, then.
As you read the scroll labelled HAOHEE WAIL, it crumbles to dust.
It is a scroll of enchant weapon.
Your -1 demon trident glows red for a moment.
The killer bee stings you.
* * * LOW HITPOINT WARNING * * *
The killer bee stings you.
* * * LOW HITPOINT WARNING * * *
You can't drink.
Okay, then.
Okay, then.
Casting: Animate Dead (dangerous; 14% risk of failure)
Confirm with . or Enter, or press ? or * to list all spells.
Okay, then.
Aiming: Paralyse
Press: ? - help, Shift-Dir - straight line, f - killer bee
Aim: a killer bee (chance to affect: 63%)
The killer bee suddenly stops moving!
The helpless killer bee fails to defend itself.
You hit the killer bee.
The killer bee is moderately wounded.
The helpless killer bee fails to defend itself.
You puncture the killer bee!
The killer bee is severely wounded.
You hear some strange, mumbled words.
A fireball appears from out of thin air!
The fireball explodes!
The fireball engulfs your killer bee zombie!!
Your killer bee zombie is destroyed!
The fireball engulfs you!! The fire burns you terribly!
You die...
Kikubaaqudgha rasps: "You have failed me!
Welcome... oblivion!"

...# #.......#
#######.####.......#
#
...........'.......'
..
##.##..####.......#
.$ #..# #.......# #.
#..# #.......# #☼#°.
#..# #.......#
.☼○☼°.####..#
#!......#
#yy@Z#..####........
####.#....##........
..
#.........#######..
#> #..{......# #..
#. #..○..§...# #..
#. #......☼.(# #..
#.##### #.....§§..#
#.. {.##..
########.########..
#.##.# ........#..


You could see 2 killer bees and a friendly killer bee zombie.

Vanquished Creatures
  A tengu warrior (D:10)
  Erica (D:9)
  A gargoyle (D:10)
  6 yaks (D:9)
  2 water moccasins
  A tengu zombie (D:10)
  4 orc warriors
  A centaur (D:9)
  3 bullfrogs
  A kobold brigand (D:8)
  A necrophage (D:4)
  4 scorpions
  4 killer bees (D:9)
  2 howler monkeys
  2 hounds (D:6)
  2 orc priests (D:4)
  3 jellies
  3 iguanas
  5 orc wizards
  A gnoll (D:3)
  6 adders
  2 white imps
  An orc zombie (D:10)
  2 worms
  19 orcs
  4 ball pythons
  4 endoplasms
  2 giant cockroaches
  2 goblins
  2 hobgoblins (D:4)
  6 jackals
  3 quokkas
  A frilled lizard (D:2)
  A goblin zombie (D:10)
  5 kobolds
  4 rats
112 creatures vanquished.

Vanquished Creatures (others)
  4 yak zombies (D:9)
  A centaur zombie (D:9)
  An orc wizard (D:10)
  2 killer bee zombies (D:9)
  A shadow imp (D:8)
  A goblin (D:10)
  A rat (D:10)
  A rat zombie (D:10)
12 creatures vanquished.

Grand Total: 124 creatures vanquished

Notes
Turn   | Place    | Note
-------+----------+-------------------------------------------
     0 | D:5      | iguanaiguana the Mummy Delver began the quest for the Orb.
     0 | D:5      | Reached XP level 1. HP: 18/18 MP: 1/1
   125 | D:3      | Identified the +1 plate armour of Somewhere Else {rCorr
                  | Dex+2}
   174 | D:4      | Reached XP level 2. HP: 20/24 MP: 2/2
   183 | D:4      | Found a staircase to the Ecumenical Temple.
   244 | Temple   | Entered the Ecumenical Temple
   263 | Temple   | Became a worshipper of Kikubaaqudgha
   443 | D:3      | Gained mutation: You are in touch with the powers of death.
                  | [Mummy growth]
   443 | D:3      | Reached XP level 3. HP: 9/30 MP: 3/3
   906 | D:2      | Noticed Sigmund
  1013 | D:3      | Reached XP level 4. HP: 16/38 MP: 4/4
  1207 | D:6      | Reached skill level 5 in Fighting
  1207 | D:6      | Reached skill level 1 in Necromancy
  1248 | D:6      | Reached skill level 2 in Necromancy
  1281 | D:6      | Noticed a scorpion
  1296 | D:6      | Killed a scorpion
  1297 | D:6      | Reached skill level 3 in Necromancy
  1297 | D:6      | Reached XP level 5. HP: 39/44 MP: 5/5
  1308 | D:6      | Reached * piety under Kikubaaqudgha
  1308 | D:6      | Received a gift from Kikubaaqudgha
  1313 | D:6      | Reached skill level 4 in Necromancy
  1329 | D:5      | Reached XP level 6. HP: 14/51 MP: 6/6
  1385 | D:5      | Learned a level 1 spell: Necrotise
  1389 | D:5      | Learned a level 3 spell: Vampiric Draining
  1449 | D:4      | Reached skill level 1 in Spellcasting
  1585 | D:4      | Found Tometwirph's Antique Weapon Shoppe.
  1586 | D:4      | Found Geaptuj's Antique Weapon Shoppe.
  1586 | D:4      | Found Qaoro's Magic Scroll Shoppe.
  1586 | D:4      | Found Ystraerio's Jewellery Shoppe.
  1608 | D:4      | Bought a scroll of teleportation for 36 gold pieces
  1608 | D:4      | Bought a scroll of fear for 48 gold pieces
  1645 | D:4      | Reached skill level 5 in Necromancy
  2112 | D:5      | Reached XP level 7. HP: 50/56 MP: 0/10
  2158 | D:4      | Reached skill level 6 in Necromancy
  2482 | D:6      | Identified the +2 chain mail of Understanding {*Corrode rC+
                  | rN+++ Regen+}
  2569 | D:6      | Reached skill level 7 in Necromancy
  2650 | D:6      | Reached ** piety under Kikubaaqudgha
  2724 | D:5      | Bought a -1 demon trident for 100 gold pieces
  2770 | D:7      | Reached skill level 1 in Polearms
  2770 | D:7      | Reached XP level 8. HP: 49/62 MP: 2/12
  2992 | D:7      | Learned a level 4 spell: Animate Dead
  3458 | D:8      | Noticed Maggie
  3642 | D:9      | Reached skill level 1 in Throwing
  3712 | D:10     | Entered Level 10 of the Dungeon
  3797 | D:9      | Reached skill level 5 in Polearms
  3803 | D:9      | Reached XP level 9. HP: 53/68 MP: 1/13
  3832 | D:9      | Reached *** piety under Kikubaaqudgha
  3832 | D:9      | Received a gift from Kikubaaqudgha
  3833 | D:9      | Reached skill level 8 in Necromancy
  3967 | D:9      | Noticed Erica
  3981 | D:9      | Killed Erica
  3982 | D:9      | Reached skill level 10 in Necromancy
  3987 | D:9      | Learned a level 4 spell: Anguish
  4103 | D:9      | Noticed Erolcha
  4133 | D:10     | Noticed a gargoyle
  4150 | D:10     | Killed a gargoyle
  4165 | D:10     | Upgraded the game from 0.30-a0-722-g3e6e8c874d to
                  | 0.30-a0-723-gc1506a1cf0
  4236 | D:9      | Reached skill level 1 in Evocations
  4303 | D:9      | Killed from afar by Erolcha

Illustrated notes

Levels and vault maps discovered:
D:2:      layout_basic, minmay_rat_hole, uniq_sigmund
D:3:      layout_rooms, serial_shops, shop, roderic_lattice_a,
          kennysheep_generic_room_15
D:4:      layout_gridville, minmay_temple_entry_ruins, gup_sewer_entry_bowl,
          nicolae_concentric_dashed_squares_wild, minmay_shop_grid_forest,
          kennysheep_orc_chapel
D:5:      layout_rooms, st_stairs_6, minmay_shop_damaged, minmay_misc_feat_alley
D:6:      layout_layer_cave, serial_shops, nicolae_shop_crystal
D:7:      layout_cave_pools
D:8:      layout_loops_ring, nicolae_overflow_hallway_of_the_gods,
          nicolae_gozag_seed_capital, serial_shops, shop_fountains, uniq_maggie
D:9:      layout_basic, uniq_joseph, uniq_erica, uniq_erolcha
D:10:     layout_roguey, elyvilon_altar_3, erik_lair_island,
          ebering_ghost_disaster_area, minmay_lizard_king
Temple:   nicolae_temple_superstar

Skill      XL: |  1  2  3  4  5  6  7  8  9 |
---------------+----------------------------+-----
Fighting       | 4 5 |  5.0
Necromancy     | 3 4 5 7 10 | 10.0
Spellcasting   | 2 3 |  3.0
Polearms       | 1 5 6 |  6.0
Throwing       | 2 |  2.0
Hexes          | 2 |  2.7
Evocations     | 2 |  2.0
Short Blades   | |  1.6
Dodging        | |  1.6
Stealth        | |  4.1

Action                     |  1- 3 |  4- 6 |  7- 9 || total
---------------------------+-------+-------+-------++-------
  Melee: Short sword       |   259 |   125 |   103 ||   487
         Punch             |     2 |     3 |     2 ||     7
         Demon trident     |       |       |   163 ||   163
         Dagger            |       |       |     2 ||     2
   Fire: Shortbow          |       |     3 |       ||     3
  Throw: Dart              |       |     3 |    15 ||    18
   Cast: Necrotise         |       |    23 |    40 ||    63
         Vampiric Draining |       |     4 |    25 ||    29
         Animate Dead      |       |       |     5 ||     5
 Invoke: Unearth Wretches  |       |       |     2 ||     2
  Evoke: Wand              |       |     9 |     5 ||    14
    Use: Scroll            |     4 |     6 |    10 ||    20
   Stab: Sleeping          |       |     1 |       ||     1
         Invisible         |       |       |     1 ||     1
         Paralysed         |       |       |     9 ||     9
 Armour: Plate armour      |   185 |    21 |       ||   206
         Leather armour    |     2 |       |       ||     2
         Scale mail        |       |     9 |   147 ||   156
         Skin              |       |     2 |       ||     2
  Dodge: Dodged            |    50 |    47 |   146 ||   243

Table legend: (Time is in decaauts)
 A = Elapsed time spent in this place.
 B = Non-inter-level travel time spent in this place.
 C = Inter-level travel time spent in this place.
 D = Time resting spent in this place.
 E = Time spent auto-exploring this place.
 F = Levels seen in this place.
 G = Mean time per level.
                   A        B        C        D        E       F      G
               +--------+--------+--------+--------+--------+-----+--------+
         Total |   4285 |   3857 |    428 |    347 |      1 |  10 |  428.5 |
       Dungeon |   4247 |   3819 |    428 |    347 |      1 |   9 |  471.9 |
        Temple |     38 |     38 |      0 |      0 |      0 |   1 |   38.0 |
               +--------+--------+--------+--------+--------+-----+--------+

Top non-repeatable levels by time:
     D:4: 1031 daAuts
     D:9: 636 daAuts
     D:5: 564 daAuts
     D:8: 503 daAuts
     D:3: 414 daAuts
     D:6: 395 daAuts
     D:7: 368 daAuts
     D:2: 221 daAuts
    D:10: 111 daAuts
  Temple: 38 daAuts
